 Dungeon Crawl Stone Soup version 0.23-a0-151-gf6d1ed2 (webtiles) character file.

477 Inarius the Chucker (level 7, -6/71 HPs)
             Began as an Ogre Hunter on Sept 7, 2018.
             Killed from afar by an orc wizard (7 damage)
             ... with a magic dart
             ... on level 3 of the Dungeon.
             The game lasted 00:13:36 (5147 turns).

Inarius the Chucker (Ogre Hunter)                   Turns: 5147, Time: 00:13:37

Health: -6/71      AC:  3    Str: 22    XL:     7   Next: 11%
Magic:  0/7        EV: 10    Int: 12    God:
Gold:   183        SH:  0    Dex:  9    Spells: 6/6 levels left

rFire    . . .     SeeInvis .   w - +0 giant club
rCold    . . .     Gourm    .   (shield currently unavailable)
rNeg     . . .     Faith    .   b - +0 robe
rPois    .         Spirit   +   v - +0 hat
rElec    .         Reflect  .   (no cloak)
rCorr    .         Harm     .   (gloves unavailable)
MR       .....                  (boots unavailable)
Stlth    +.........             a - amulet of guardian spirit
HPRegen  0.21/turn              g - +3 ring of strength
MPRegen  0.10/turn              (no ring)

@: no status effects
A: large, unfitting armour, tough skin 1
a: no special abilities


You were on level 3 of the Dungeon.
You were not hungry.

You visited 1 branch of the dungeon, and saw 4 of its levels.
You also visited: Sewer.

You collected 369 gold pieces.
You spent 186 gold pieces at shops.

Inventory:

Hand Weapons
 w - a +0 giant club (weapon)
Missiles
 c - 2 large rocks
 d - 2 throwing nets
 j - 60 stones (quivered)
 o - 6 tomahawks of returning
 t - 3 tomahawks
Armour
 b - a +0 robe (worn)
 v - a +0 hat (worn)
Jewellery
 a - an amulet of guardian spirit (around neck)
 g - a +3 ring of strength (left hand)
Scrolls
 e - a scroll of enchant armour
 m - 2 scrolls of teleportation
 n - a scroll of noise {unknown}
 q - a scroll of enchant weapon {unknown}
 u - a scroll of random uselessness {unknown}
Potions
 h - a potion of magic {unknown}
 i - a potion of curing {unknown}
 p - a potion of might {unknown}
 r - a potion of haste {unknown}
Comestibles
 f - 10 rations
 s - a chunk of flesh


   Skills:
 + Level 4.6 Fighting
 + Level 3.1 Maces & Flails
 + Level 5.8 Throwing
 + Level 3.1 Dodging
 - Level 0.6 Stealth
 + Level 1.1 Unarmed Combat


You had 6 spell levels left.
You didn't know any spells.
Your spell library was empty.

Dungeon Overview and Level Annotations

Branches:
Dungeon (4/15)
 Temple: D:4-7

Altars:
Nemelex Xobeh
Uskayaw
Zin

Shops:
D:4 :(*


Innate Abilities, Weirdness & Mutations

You are too large for most types of armour.
You have tough skin. (AC +1)


Message History

The orc wizard hits you but does no damage.
The orc wizard gestures at you while chanting.
You are confused.
Your magical effects are unravelling.
You feel magically purged.
You feel less confused.
The orc wizard gestures wildly while chanting.
The orc wizard flickers and vanishes!
Deactivating autopickup; reactivate with Ctrl-A.
Fire/throw which item? (* to show all) (? for menu, Esc to quit)
Press: ? - help, Shift-Dir - straight line You throw a large rock.
You hear some strange, mumbled words.
A magic dart appears from out of thin air!
The magic dart hits you!
* * * LOW HITPOINT WARNING * * *
You hear some strange, mumbled words.
A magic dart appears from out of thin air!
The magic dart hits you!
You die...

#
#..###.##..#...###
###.##.## # #..#
#.##..#####
#####........ #
#..###.##.)# ##
#...#.####.## #
#..##..##..#
#?.#...#.# #.# #
#..........#
#.?#._.'.# #.# #
##.##.####.#
#..#...### #.# #
#.##.####.###
#...# #.#
#........(#{###
##########.#
####.#####..@.#
#......#
#.......#..#
##########
#########..# #.#
#..#####.#
#........#
##.#######
######### #.##
#.......# #..##
#.#####.# ##.#.##


There were no monsters in sight!

Vanquished Creatures
  An ogre (D:4)
  A crocodile (Sewer)
  2 hounds
  Ijyb (D:3)
  Natasha (twice) (D:3)
  2 worker ants (D:4)
  5 adders
  A river rat (D:4)
  4 worms
  A dart slug (D:2)
  A leopard gecko (D:4)
  3 orcs
  12 bats
  4 giant cockroaches
  9 goblins
  6 hobgoblins
  4 jackals
  6 kobolds
  2 quokkas
  A ball python (D:1)
  4 frilled lizards
  7 rats
79 creatures vanquished.

Notes
Turn   | Place    | Note
-------+----------+-------------------------------------------
     0 | D:1      | Inarius the Ogre Hunter began the quest for the Orb.
     0 | D:1      | Reached XP level 1. HP: 22/22 MP: 1/1
    95 | D:1      | Reached XP level 2. HP: 29/29 MP: 2/2
   748 | D:2      | Reached XP level 3. HP: 27/36 MP: 3/3
  1382 | D:2      | Reached XP level 4. HP: 29/45 MP: 4/4
  1691 | D:2      | Reached skill level 1 in Maces & Flails
  1866 | D:2      | Reached skill level 5 in Throwing
  1889 | D:2      | Found a sparkling altar of Nemelex Xobeh.
  2512 | D:3      | Reached XP level 5. HP: 22/53 MP: 0/5
  3578 | D:3      | Noticed Natasha
  3588 | D:3      | Killed Natasha
  3688 | D:3      | Noticed Ijyb
  3740 | D:3      | Killed Ijyb
  3774 | D:3      | Noticed Natasha
  3785 | D:3      | Killed Natasha
  3961 | D:3      | Found a hide-covered altar of Uskayaw.
  4043 | D:3      | Found a glowing silver altar of Zin.
  4126 | D:4      | Found Cosoetui's Antique Weapon Shoppe.
  4149 | D:4      | Found Vafobav's General Store.
  4177 | D:4      | Bought 6 tomahawks of returning for 72 gold pieces
  4191 | D:4      | Reached XP level 6. HP: 49/62 MP: 6/6
  4212 | D:4      | Found a glowing drain.
  4256 | Sewer    | Entered a sewer
  4510 | D:4      | Noticed a sky beast
  4694 | D:4      | Bought a scroll of enchant armour for 90 gold pieces
  4694 | D:4      | Bought a scroll of identify for 24 gold pieces
  4810 | D:4      | Reached skill level 1 in Unarmed Combat
  4810 | D:4      | Reached XP level 7. HP: 70/71 MP: 7/7
  4828 | D:4      | Found Gino's Book Shop.
  5147 | D:3      | HP: 1/71 [something/magic dart (4)]
  5147 | D:3      | Killed from afar by an orc wizard

Vault maps used:
D:1:      scummos_arrival_forest, minmay_misc_feat_hallway
D:2:      first_ration, nemelex_spade_bored_becter
D:3:      zin_scriptorium, nicolae_overflow_hidden_temple, uniq_natasha,
          uniq_ijyb
D:4:      gup_sewer_entry_bowl, serial_shops, nicolae_shop_statue_plus,
          nicolae_shop_behind_doors, shop, shop, shop_coins,
          minmay_misc_feat_doors, minmay_misc_feat_diagonals
Sewer:    sewer_big_baddie

Skill      XL: |  1  2  3  4  5  6 |
---------------+-------------------+-----
Fighting       | 3 4 |  4.6
Dodging        | 2 3 |  3.1
Maces & Flails | 1 2 3 |  3.1
Throwing       | 5 |  5.8
Unarmed Combat | 1 |  1.1
Stealth        | |  0.6

Action                   |  1- 3 |  4- 6 |  7- 9 || total
-------------------------+-------+-------+-------++-------
Melee: Short sword       |    20 |       |       ||    20
       Mace              |    69 |   132 |       ||   201
       Unarmed           |       |    41 |       ||    41
       Flail             |       |    11 |       ||    11
       Giant club        |       |       |    34 ||    34
Throw: Stone             |    55 |    80 |     6 ||   141
       Large rock        |     5 |     4 |     3 ||    12
       Throwing net      |     2 |     1 |       ||     3
       Tomahawk          |       |     2 |       ||     2
  Use: Potion            |       |     2 |     2 ||     4
       Scroll            |       |     3 |       ||     3
  Eat: Chunk             |     1 |    12 |     1 ||    14
Armor: Robe              |    48 |    38 |     7 ||    93
       Skin              |       |     6 |       ||     6
Dodge: Dodged            |    81 |   119 |     6 ||   206

Table legend:
 A = Non-vault XP
 B = Vault XP
 C = Vault XP percentage of total XP
 D = Non-vault monster count
 E = Vault monster count
 F = Vault count percentage of total count
                 A         B        C        D         E       F
            +---------+---------+-------+---------+---------+-------
      Total |     483 |     199 |  29.2 |      68 |      11 |  13.9
            +---------+---------+-------+---------+---------+-------
        D:1 |      24 |       0 |   0.0 |      14 |       0 |   0.0
        D:2 |     130 |       0 |   0.0 |      30 |       0 |   0.0
        D:3 |      88 |      71 |  44.7 |      15 |       2 |  11.8
        D:4 |     241 |      17 |   6.6 |       9 |       3 |  25.0
      Sewer |       0 |     111 | 100.0 |       0 |       6 | 100.0
            +---------+---------+-------+---------+---------+-------
